Map: Ascension to Aiur LE

Players

Jackatack

  • Race: Zerg Zerg
  • League: Platinum
  • Spawn Location: 5:00

CommadoreXav - Winner!

  • Race: Protoss Protoss
  • League: Gold
  • Spawn Location: 11:00

VOD

Have the link to the VOD?

Description

Oracle into Gladept timing

Time

  • Played on: July 20, 2017, 4:01 p.m.
  • Length: 13:04
Show
View Real Time Build Order
Export as new Build Order

Jackatack Zerg 

Build Orders: Hatch First 

Get SALT Encoding   

  12  0:01  Drone  
  13  0:13  Drone  
  14  0:36  Hatchery  
  13  0:53  Drone  
  14  0:57  Spawning Pool  
  14  0:59  Extractor  
  14  1:03  Drone  
  13  1:07  Drone  
  14  1:11  Extractor  
  14  1:15  Drone  
  15  1:23  Overlord  
  15  1:50  Zergling x8  
  19  2:06  Drone x2  
  21  2:16  Metabolic Boost  
  21  2:20  Drone x2  
  23  2:36  Drone x4  
  27  2:42  Drone  
  28  2:44  Overlord  
  27  3:02  Queen x2  
  31  3:06  Zergling x6  
  33  3:21  Drone x2  
  35  3:29  Hatchery  
  35  3:30  Drone  
  35  3:31  Overlord  
  35  3:32  Overlord  
  35  3:54  Drone x4  
  39  3:58  Drone  
  39  4:00  Drone  
  39  4:02  Hatchery  
  40  4:08  Drone  
  41  4:15  Zergling x2  
  41  4:16  Zergling x12  
  48  4:23  Roach Warren  
  47  4:26  Drone x2  
  49  4:39  Evolution Chamber x2  
  49  4:42  Drone  
  49  4:44  Drone  
  49  4:48  Queen  
  49  4:50  Evolution Chamber  
  49  4:52  Queen  
  52  5:03  Drone x3  
  55  5:07  Drone, Extractor  
  55  5:08  Drone  
  55  5:09  Drone  
  55  5:12  Overlord  
  55  5:13  Overlord  
  57  5:14  Overlord  
  57  5:15  Overlord  
  57  5:20  Queen  
  59  5:38  Drone  
  60  5:45  Extractor x2, Drone x2  
  60  5:46  Drone x3  
  60  5:47  Drone  
  60  5:48  Drone x2  
  61  6:20  Spore Crawler  
  61  6:23  Spine Crawler  
  61  6:24  Spore Crawler  
  58  6:30  Drone x2  
  58  6:31  Spore Crawler  
  60  6:32  Drone  
  60  6:33  Drone x3  
  60  6:34  Drone  
  60  6:38  Drone x10  
  60  6:39  Drone x7  
  81  6:41  Drone  
  79  6:47  Spore Crawler  
  79  6:52  Drone x4  
  78  7:04  Lair  
  75  7:14  Roach  
  75  7:15  Roach x7  
  74  7:25  Roach x4  
  74  7:26  Roach  
  58  7:47  Drone x5  
  60  7:58  Drone  
  61  8:16  Drone  
  61  8:19  Drone x4  
  66  8:32  Drone x4  
  66  8:33  Drone  
  71  8:40  Drone x2  
  73  8:50  Drone x2  
  73  8:53  Drone x2  
  73  8:54  Drone x2  
  79  9:23  Drone x2  
  79  9:24  Drone x4  
  84  9:28  Drone x2  
  84  9:30  Overlord x3  
  87  9:52  Drone  
  88  9:56  Hydralisk Den  
  87  10:06  Roach x6  
  87  10:07  Roach x6  
  111  10:10  Overlord x3  
  111  10:11  Overlord x4  
  108  10:33  Hydralisk  
  108  10:34  Hydralisk x8  
  109  10:52  Hydralisk x5  
  114  11:03  Zerg Missile Weapons Level 1, Zerg Ground Armor Level 1  
  106  11:32  Roach x7  
  128  11:33  Roach x4  
  96  12:15  Hatchery  
  91  12:18  Hydralisk x6  
  91  12:19  Hydralisk x2  
  77  12:31  Roach x4  
Show
View Real Time Build Order
Export as new Build Order

CommadoreXav Protoss - Winner!

Build Orders: Nexus First 

Get SALT Encoding   

  12  0:00  Probe (Chrono Boost)  
  13  0:11  Probe (Chrono Boost)  
  14  0:20  Pylon  
  14  0:22  Probe (Chrono Boost)  
  15  0:38  Probe (Chrono Boost)  
  16  0:56  Nexus  
  16  1:08  Gateway  
  16  1:14  Probe (Chrono Boost)  
  16  1:16  Assimilator  
  17  1:27  Probe (Chrono Boost)  
  18  1:32  Pylon  
  18  1:37  Probe (Chrono Boost)  
  19  1:48  Probe (Chrono Boost)  
  19  1:53  Assimilator  
  20  1:58  Probe (Chrono Boost)  
  21  2:02  Cybernetics Core  
  21  2:04  Gateway  
  21  2:08  Probe (Chrono Boost)  
  22  2:14  Probe (Chrono Boost)  
  23  2:18  Probe (Chrono Boost)  
  24  2:23  Zealot (Chrono Boost)  
  24  2:24  Probe (Chrono Boost)  
  24  2:29  Probe  
  28  2:32  Pylon  
  27  2:48  Probe (Chrono Boost)  
  27  2:50  Warp Gate (Chrono Boost)  
  29  2:53  Adept x2 (Chrono Boost)  
  29  2:56  Mothership Core (Chrono Boost)  
  36  3:20  Probe x2 (Chrono Boost)  
  36  3:26  Twilight Council  
  36  3:30  Probe x2 (Chrono Boost)  
  38  3:41  Stargate  
  38  3:43  Probe (Chrono Boost)  
  38  3:44  Probe (Chrono Boost)  
  40  3:50  Adept x2  
  44  4:00  Probe  
  44  4:01  Pylon, Probe  
  46  4:03  Pylon  
  46  4:07  Pylon  
  46  4:23  Pylon, Oracle (Chrono Boost)  
  46  4:25  Probe  
  46  4:26  Probe  
  46  4:28  Pylon  
  51  4:35  Resonating Glaives (Chrono Boost)  
  51  4:43  Assimilator  
  51  4:44  Probe (Chrono Boost)  
  53  4:45  Probe (Chrono Boost)  
  53  4:47  Assimilator  
  53  4:51  Gateway  
  53  4:52  Gateway  
  53  4:54  Probe (Chrono Boost)  
  53  4:57  Probe (Chrono Boost)  
  55  5:04  Adept x2  
  55  5:05  Probe (Chrono Boost)  
  60  5:09  Probe (Chrono Boost)  
  60  5:13  Oracle  
  61  5:14  Probe (Chrono Boost)  
  61  5:20  Probe  
  66  5:28  Adept x2  
  70  5:34  Forge  
  70  5:35  Probe  
  70  5:36  Probe  
  72  6:06  Adept x3  
  72  6:07  Adept  
  72  6:09  Probe  
  72  6:10  Probe  
  82  6:14  Protoss Ground Weapons Level 1 (Chrono Boost)  
  82  6:17  Phoenix  
  84  6:24  Robotics Facility  
  84  6:27  Adept  
  84  6:28  Pylon, Adept x3  
  84  6:31  Pylon  
  92  6:33  Pylon  
  92  6:36  Probe  
  92  6:37  Probe  
  91  7:21  Adept  
  91  7:22  Adept x3  
  91  7:23  Immortal (Chrono Boost)  
  93  7:32  Pylon  
  93  7:34  Pylon  
  85  7:44  Adept  
  85  7:45  Sentry, Adept x2  
  91  7:58  Immortal (Chrono Boost)  
  91  8:11  Gateway  
  91  8:16  Gateway  
  91  8:19  Probe  
  91  8:20  Probe  
  91  8:23  Sentry x3, Gateway x2  
  91  8:24  Adept  
  101  8:30  Pylon  
  101  8:33  Pylon  
  101  9:03  Immortal (Chrono Boost)  
  101  9:07  Robotics Facility  
  105  9:10  Protoss Ground Weapons Level 2  
  105  9:14  Adept x5  
  115  9:24  Charge  
  115  9:29  Nexus  
  115  9:31  Pylon  
  115  9:32  Probe  
  115  9:34  Pylon, Probe  
  115  9:36  Adept  
  115  9:37  Adept x7  
  133  9:42  Immortal (Chrono Boost)  
  137  10:06  Immortal (Chrono Boost)  
  141  10:13  Adept x6  
  141  10:14  Adept  
  155  10:16  Immortal (Chrono Boost)  
  134  11:13  Adept x2  
  134  11:14  Adept x5  
  140  11:24  Photon Cannon  
  140  11:25  Photon Cannon  
  140  11:27  Immortal x2 (Chrono Boost)  
  140  11:28  Photon Cannon  
  148  11:33  Sentry  
  148  11:35  Stalker  
  148  11:36  Stalker  
  154  11:44  Nexus  
  154  11:47  Pylon  
  154  11:54  Templar Archives  
  150  12:02  Assimilator  
  150  12:06  Assimilator  
Tags
 
Add a new tag
Caveats
  • Supply blocks, unpowered buildings, or Contaminate may cause inaccurate times.
  • Supply counts are checked every 10 seconds.